 Dungeon Crawl Stone Soup version 0.29-a0-355-g7276a9ff7f (webtiles) character file.

Game seed: 5325491628915749091

45 101zpm the Gusty (level 3, -4/25 HPs)
             Began as a Gnoll Air Elementalist on Apr 24, 2022.
             Killed from afar by Sigmund (9 damage)
             ... with a puff of flame
             ... on level 2 of the Dungeon.
             The game lasted 00:03:28 (1855 turns).

101zpm the Gusty (Gnoll Air Elementalist)           Turns: 1855, Time: 00:03:29

Health: -4/25      AC:  3    Str:  7    XL:     3   Next: 64%
Magic:  9/9        EV: 13    Int: 16    God:
Gold:   59         SH:  0    Dex: 12    Spells: 11/12 levels left

rFire   . . .      SeeInvis .   (no weapon)
rCold   . . .      Faith    .   (no shield)
rNeg    . . .      Spirit   .   a - +0 robe
rPois   .          Reflect  .   (no helmet)
rElec   .          Harm     .   (no cloak)
rCorr   .          Rampage  .   (no gloves)
Will    .....                   i - +0 pair of boots
Stlth   ++........              (no amulet)
HPRegen 0.08/turn               (no ring)
MPRegen 0.11/turn               (no ring)

@: no status effects
A: fangs 1, strong nose, distributed training
a: no special abilities


You were on level 2 of the Dungeon.
You visited 1 branch of the dungeon, and saw 2 of its levels.

You collected 59 gold pieces.

Inventory:

Armour
 a - a +0 robe (worn)
 i - a +0 pair of boots (worn)
Scrolls
 c - a scroll of magic mapping {unknown}
 d - 4 scrolls of identify {unknown}
 e - 2 scrolls of teleportation {unknown}
 f - a scroll of brand weapon {unknown}
 g - a scroll of vulnerability {unknown}
Potions
 b - 3 potions of magic
 h - a potion of mutation {unknown}
 j - a potion of resistance {unknown}
 k - a potion of might {unknown}
 l - a potion of curing {unknown}


   Skills:
 + Level 0.9 Fighting
 + Level 0.9 Short Blades
 + Level 0.9 Long Blades
 + Level 0.9 Axes
 + Level 0.9 Maces & Flails
 + Level 0.9 Polearms
 + Level 0.9 Staves
 + Level 0.9 Slings
 + Level 0.9 Bows
 + Level 0.9 Crossbows
 + Level 0.9 Throwing
 + Level 0.9 Armour
 + Level 4.5 Dodging
 + Level 4.2 Stealth
 + Level 0.9 Shields
 + Level 0.9 Unarmed Combat
 + Level 5.0 Spellcasting
 + Level 2.1 Conjurations
 + Level 0.6 Hexes
 + Level 0.6 Summonings
 + Level 0.6 Necromancy
 + Level 0.6 Translocations
 + Level 0.6 Transmutations
 + Level 0.6 Fire Magic
 + Level 0.6 Ice Magic
 + Level 5.4 Air Magic
 + Level 0.6 Earth Magic
 + Level 0.6 Poison Magic
 + Level 1.0 Invocations
 + Level 0.9 Evocations


You had 11 spell levels left.
You knew the following spells:

 Your Spells              Type           Power      Damage    Failure   Level
a - Shock                 Conj/Air       64%        1d7       3%          1

Your spell library contained the following spells:

 Spells                   Type           Power      Damage    Failure   Level
 Static Discharge         Conj/Air       16%        N/A       4%          2
 Swiftness                Air            21%        N/A       4%          3
 Airstrike                Air            10%        N/A       16%         4


Dungeon Overview and Level Annotations

Branches:
Dungeon (2/15)

Altars:

Annotations:
D:2 Sigmund


Innate Abilities, Weirdness & Mutations

You have very sharp teeth.
Your uncanny sense of smell can sniff out nearby items.
Your experience applies equally to all skills.


Message History

You now have 53 gold pieces (gained 12).
k - an inky potion As you open the door, it creaks loudly!
Found 6 gold pieces, 2 scrolls labelled IVOGASS PUBIK and a purple potion.
You can't see any susceptible monsters within range! (Use Z to cast anyway.)
There is an open door here.
You now have 59 gold pieces (gained 6).
l - a purple potion
d - 4 scrolls labelled IVOGASS PUBIK (gained 2)
You open the door.
Sigmund the Dreaded comes into view.
He is wielding a +0 vorpal scythe.
Aiming: Shock (safe; 3% risk of failure)
Press: ? - help, Q - select action Shift-Dir - straight line, f - Sigmund
Aim: Sigmund, wielding a +0 vorpal scythe and wearing a +0 robe (asleep, 100% to hit)
The zap hits Sigmund!
Sigmund is moderately wounded.
Sigmund shouts!
Sigmund points at you and mumbles some strange words.
You are confused.
You're too confused to cast spells.
You're too confused to cast spells.
There is an open door here.
Sigmund barely misses you.
You feel less confused.
There is an open door here.
Sigmund says, "You will soon forget everything."
There is an open door here.
Sigmund looks at you with fury. Sigmund gestures at you while chanting.
The puff of flame hits you. Sigmund gestures at you while chanting.
You are confused.
Sigmund closely misses you.
Sigmund hits you from afar with a +0 vorpal scythe!
* * * LOW HITPOINT WARNING * * *
x2 You feel less confused.
Sigmund misses you. Sigmund gestures at you while chanting.
The puff of flame hits you!
You die...

##'###†##.....# #.#
.#.###.##.....##########.#
........'............>##.#
######.##.....#.##.#####.#
.......##.(...#.##.# #.#
###########.....##.#####.####
#..........)................#
.............@.###.#####.##.#
#.########.####.@........##.#
#.# #.# #.##.##.......# #.#
#.## #.##.##.#.##### #.# #..#
#.##....#<# #.#
##.###.##.####.# #.#
#..##.##.# #.# ..# ##.##.##.#
#.# ### #.##.##.# #.# ..#
#..#.##.# #.#


You could see Sigmund.

Vanquished Creatures
  An adder (D:2)
  A worm (D:2)
  2 endoplasms
  3 giant cockroaches
  6 goblins (D:1)
  3 hobgoblins
  A ball python (D:2)
  6 bats
  2 frilled lizards (D:1)
  6 kobolds
  2 rats (D:1)
33 creatures vanquished.

Notes
Turn   | Place    | Note
-------+----------+-------------------------------------------
     0 | D:1      | 101zpm the Gnoll Air Elementalist began the quest for the
                  | Orb.
     0 | D:1      | Reached XP level 1. HP: 13/13 MP: 6/6
   282 | D:1      | Reached XP level 2. HP: 19/19 MP: 5/7
   367 | D:1      | Found a faded altar of an unknown god.
  1090 | D:1      | Reached XP level 3. HP: 25/25 MP: 5/9
  1327 | D:2      | Reached skill level 5 in Spellcasting
  1523 | D:2      | Reached skill level 1 in Invocations
  1822 | D:2      | Noticed Sigmund
  1855 | D:2      | Killed from afar by Sigmund

Illustrated notes

Levels and vault maps discovered:
D:1:      lemuel_arrival_room, layout_loops_ring, ebering_ecumenical_altar_webs,
          minmay_misc_feat_square, st_stairs_8, nicolae_figureground_sparkle
D:2:      minmay_diamond_boxcup, layout_basic, uniq_sigmund

Skill      XL: |  1  2  3 |
---------------+----------+-----
Conjurations   | 2 |  2.1
Spellcasting   | 5 |  5.0
Invocations    | 1 |  1.0
Fighting       | |  0.9
Short Blades   | |  0.9
Long Blades    | |  0.9
Axes           | |  0.9
Maces & Flails | |  0.9
Polearms       | |  0.9
Staves         | |  0.9
Slings         | |  0.9
Bows           | |  0.9
Crossbows      | |  0.9
Throwing       | |  0.9
Armour         | |  0.9
Dodging        | |  4.5
Stealth        | |  4.2
Shields        | |  0.9
Unarmed Combat | |  0.9
Hexes          | |  0.6
Summonings     | |  0.6
Necromancy     | |  0.6
Translocations | |  0.6
Transmutations | |  0.6
Fire Magic     | |  0.6
Ice Magic      | |  0.6
Air Magic      | |  5.4
Earth Magic    | |  0.6
Poison Magic   | |  0.6
Evocations     | |  0.9

Action                   || total
-------------------------++-------
 Cast: Shock             ||    66
Armor: Robe              ||    10
Dodge: Dodged            ||    17

Table legend: (Time is in decaauts)
 A = Elapsed time spent in this place.
 B = Non-inter-level travel time spent in this place.
 C = Inter-level travel time spent in this place.
 D = Time resting spent in this place.
 E = Time spent auto-exploring this place.
 F = Levels seen in this place.
 G = Mean time per level.
                   A        B        C        D        E       F      G
               +--------+--------+--------+--------+--------+-----+--------+
         Total |   1854 |   1839 |     15 |     40 |   1615 |   2 |  927.0 |
       Dungeon |   1854 |   1839 |     15 |     40 |   1615 |   2 |  927.0 |
               +--------+--------+--------+--------+--------+-----+--------+

Top non-repeatable levels by time:
     D:1: 1207 daAuts
     D:2: 647 daAuts
